 Dungeon Crawl Stone Soup version 0.23-a0-151-gf6d1ed2 (console) character file.

120421 removed the Zephyrmancer (level 15, -2/128 HPs)
             Began as a Demigod Air Elementalist on Sept 14, 2018.
             Shot with an arrow by a deep elf archer (17 damage)
             ... on level 2 of the Elven Halls.
             The game lasted 01:30:12 (39892 turns).

removed the Zephyrmancer (DgAE)                    Turns: 39892, Time: 01:30:14

Health: -2/128     AC: 15    Str: 13    XL:     15   Next: 82%
Magic:  17/45      EV: 14    Int: 37    God:
Gold:   1233       SH:  0    Dex: 12    Spells: 4/37 levels left

rFire    + + .     SeeInvis .   a - staff of wizardry {!a}
rCold    + . .     Gourm    .   (no shield)
rNeg     . . .     Faith    .   w - +3 ring mail {rF+}
rPois    +         Spirit   .   N - +2 helmet of Space {rPois Str+2 Int+5 Dex-4}
rElec    +         Reflect  .   P - +0 cloak
rCorr    +         Harm     .   x - +2 pair of gloves
MR       +++..                  (no boots)
Stlth    +.........             B - amulet of magic regeneration
HPRegen  0.31/turn              p - ring of magical power
MPRegen  0.54/turn              m - ring of the Mage {Wiz MR++ Int+3}

@: resistant, very slightly contaminated
A: high mp 1
a: no special abilities


You were on level 2 of the Elven Halls.
You were not hungry.

You visited 4 branches of the dungeon, and saw 25 of its levels.
You also visited: Ice Cave and Volcano.

You collected 2920 gold pieces.
You spent 1687 gold pieces at shops.

Inventory:

Hand Weapons
 b - a +2 scimitar of flaming
 n - a +0 lajatang of flaming
 D - a +0 vampiric lajatang
Missiles
 T - 7 throwing nets (quivered)
Armour
 w - a +3 ring mail of fire resistance (worn)
 x - a +2 pair of gloves (worn)
 N - the +2 helmet of Space (worn) {rPois Str+2 Int+5 Dex-4}
   (You bought it in a shop on level 2 of the Orcish Mines)

   It affects your strength (+2).
   It affects your intelligence (+5).
   It affects your dexterity (-4).
   It protects you from poison.
 P - a +0 cloak (worn)
Magical Staves
 a - an uncursed staff of wizardry (weapon) {!a}
Jewellery
 i - the ring "Tuanuleath" {+Blink Str+6 Int+2 SInv}
   (You found it on level 7 of the Dungeon)

   [ring of see invisible]

   It affects your strength (+6).
   It affects your intelligence (+2).
   It lets you see invisible.
   It lets you blink.
 m - the ring of the Mage (right hand) {Wiz MR++ Int+3}
   (You bought it in a shop on level 14 of the Dungeon)

   [ring of wizardry]

   It improves your spell success rate.
   It affects your intelligence (+3).
   It affects your resistance to hostile enchantments.
 p - a ring of magical power (left hand)
 v - an uncursed ring of ice
 y - an uncursed ring of magical power
 B - an amulet of magic regeneration (around neck)
Wands
 l - a wand of paralysis (51)
 u - a wand of iceblast (11)
 H - a wand of acid (13)
 M - a wand of digging (27)
Scrolls
 j - 2 scrolls of enchant armour
 k - 8 scrolls of teleportation
 q - 4 scrolls of enchant weapon
 s - 4 scrolls of magic mapping
 A - a scroll of blinking
 C - 3 scrolls of fog
 F - a scroll of silence {unknown}
 J - 2 scrolls of fear {unknown}
 K - a scroll of immolation {unknown}
 L - a scroll of summoning {unknown}
 R - 6 scrolls of amnesia
 U - 5 scrolls of remove curse
 V - 2 scrolls of torment {unknown}
 Y - 2 scrolls of identify
 Z - a scroll of acquirement {unknown}
Potions
 e - 3 potions of brilliance
 f - 3 potions of lignification
 g - 13 potions of curing
 h - 4 potions of mutation
 o - 2 potions of haste
 r - 3 potions of agility {!q}
 t - 3 potions of invisibility
 z - a potion of resistance
 E - 2 potions of heal wounds
 G - 6 potions of might
 O - 3 potions of magic
 Q - 6 potions of flight
 S - 4 potions of berserk rage
 W - 2 potions of ambrosia
 X - 2 potions of cancellation
Comestibles
 c - 27 rations


   Skills:
 - Level 10.4 Fighting
 - Level 8.5 Dodging
 - Level 1.7 Stealth
 + Level 11.9 Spellcasting
 - Level 12.0 Conjurations
 - Level 12.0 Ice Magic
 - Level 12.0 Air Magic


You had 4 spell levels left.
You knew the following spells:

 Your Spells              Type           Power        Failure   Level  Hunger
a - Throw Icicle          Conj/Ice       #######.     1%          4    None
b - Static Discharge      Conj/Air       #######.     1%          3    None
c - Airstrike             Air            #######...   1%          4    None
d - Lightning Bolt        Conj/Air       #######...   1%          5    None
e - Shock                 Conj/Air       ####         1%          1    None
f - Freezing Cloud        Conj/Ice/Air   #######...   1%          6    ###....
g - Bolt of Cold          Conj/Ice       #######...   1%          6    ###....
l - Blink                 Tloc           N/A          1%          2    None
s - Swiftness             Chrm/Air       ######..     1%          2    None

Your spell library contained the following spells:

 Spells                   Type           Power        Failure   Level  Hunger
 Flame Tongue             Conj/Fire      #####        1%          1    None
 Freeze                   Ice            ####         1%          1    None
 Magic Dart               Conj           ####         1%          1    None
 Summon Butterflies       Summ           ###.....     1%          1    None
 Summon Small Mammal      Summ           ###.         1%          1    None
 Call Imp                 Summ           ###.....     1%          2    None
 Slow                     Hex            ###.....     1%          2    None
 Throw Frost              Conj/Ice       ######       1%          2    None
 Conjure Flame            Conj/Fire      ######..     1%          3    None
 Mephitic Cloud           Conj/Pois/Air  ######..     1%          3    None
 Ozocubu's Armour         Chrm/Ice       ######..     1%          3    None
 Ice Form                 Ice/Tmut       ######..     1%          4    None
 Sticky Flame             Conj/Fire      ######..     1%          4    None
 Summon Ice Beast         Ice/Summ       ######..     1%          4    None
 Summon Lightning Spire   Summ/Air       ######..     1%          4    None
 Call Canine Familiar     Summ           ###.....     3%          3    None
 Summon Guardian Golem    Hex/Summ       ###.....     3%          3    None
 Ozocubu's Refrigeration  Ice            #######...   1%          6    ###....
 Metabolic Englaciation   Hex/Ice        ######....   2%          5    None
 Simulacrum               Ice/Necr       ######....   13%         6    ###....
 Summon Mana Viper        Hex/Summ       ###.....     28%         5    None
 Malign Gateway           Summ/Tloc      ###.......   99%         7    #####..
 Monstrous Menagerie      Summ           ###.......   99%         7    #####..
 Summon Greater Demon     Summ           ###.......   99%         7    #####..
 Summon Hydra             Summ           ###.......   99%         7    #####..
 Summon Horrible Things   Summ           ###.......   100%        8    ######.


Dungeon Overview and Level Annotations

Branches:
Dungeon (15/15)            Temple (0/1) D:5            Lair (6/6) D:9
  Swamp (0/4) Lair:2        Snake (0/4) Lair:4        Slime (0/5) Lair:5
    Orc (2/2) D:12            Elf (2/3) Orc:2        Vaults (0/5) D:13
 Depths (0/5) D:15

Shops:
D:8 [   D:13 *   D:14 =   Orc:2 }*([   Elf:2 *

Portals:
Trove: Elf:2 (give 9 potions of agility)

Annotations:
D:2 exclusion: 2 downstairs
D:8 1 runed door, Joloc's ghost, novice DEWz
D:15 1 runed door, removed's ghost, journeyman DgAE
Elf:2 Nikola


Innate Abilities, Weirdness & Mutations

You have an increased reservoir of magic. (+10% MP)


Message History

The fire elemental burns you! You resist.
The dire flail of holy wrath hits you!!
* * * LOW HITPOINT WARNING * * *
Casting: Freezing Cloud (safe; 1% risk of failure)
Confirm with . or Enter, or press ? or * to list all spells.
You blink.
Found Yggisuz's Assorted Antiques.
Your surroundings suddenly seem different.
A deep elf archer comes into view. It is wielding a dagger.
The deep elf archer shouts!
You hear a shout!
The deep elf archer blinks!
Blink to where?
Press: ? - help, Dir - move target cursor You are very lightly contaminated with residual magic.
As you read the scroll of blinking, it crumbles to dust.
The deep elf mage shouts!
The deep elf archer unwields an uncursed dagger.
The deep elf archer wields an uncursed longbow.
The deep elf archer shoots an arrow.
The arrow hits you!
You die...

... .##... ##)## ..
......e #..# .. .∩....
##<.## .# #####.....
##..#.## #.#
#........###[####.#
..####.###.....#.#.#[##
##§
......####.........§##
## ##<>#.......§...# #
#####.@.....?).....####
##..........e...##.....
#....)..?...#.#.# #.
##.........##.### #.
............#.# #.#
.##..........#.. ..##
.......$...#.. ..# #
.##...(.....# #... #
#8.8


You could see a deep elf archer and a deep elf mage.

Vanquished Creatures
  A frost giant (IceCv)
  A deep elf sorcerer (Elf:1)
  An orc warlord (Orc:2)
  A deep elf elementalist (Elf:2)
  A deep elf demonologist (Elf:1)
  A dire elephant (D:15)
  Fannar (D:10)
  6 hydras
  7 vault guards (D:13)
  Harold (Orc:1)
  A catoblepas (Lair:6)
  4 two-headed ogres
  7 dancing weapons
  A tengu warrior (D:13)
  14 death yaks
  Nergalle (Lair:1)
  6 deep elf knights
  2 unseen horrors (D:13)
  7 skeletal warriors
  31 deep elf magi
  A lindwurm (Lair:6)
  5 deep elf archers
  A wolf spider (D:15)
  An orc knight (Orc:1)
  5 cyclopes
  A salamander (D:15)
  3 manticores
  5 ugly things
  An orc sorcerer (Orc:2)
  4 elephants
  2 centaur zombies (D:15)
  A torpor snail (Lair:6)
  An ice statue (IceCv)
  3 black mambas (Lair:6)
  3 gargoyles
  11 spiny frogs
  2 kobold demonologists
  2 efreet
  A redback zombie (D:13)
  7 komodo dragons
  6 trolls
  6 meliai
  20 polar bears
  2 raiju (Lair:6)
  A meliai zombie (D:13)
  3 blink frogs (Lair:6)
  A dream sheep (Lair:6)
  Prince Ribbit (D:5)
  13 hippogriffs
  A bog body (Lair:2)
  3 slime creatures (D:14)
  An air elemental (Elf:2)
  46 yaks
  2 vampires
  A water elemental (Elf:1)
  5 basilisks
  5 wyverns
  2 hungry ghosts
  2 fire elementals (Volcano)
  5 vampire mosquitoes
  2 nagas (Lair:4)
  9 wargs
  4 acid dragons
  3 swamp worms (Lair:2)
  A soldier ant (shapeshifter) (D:13)
  12 water moccasins
  13 hell hounds (Lair:6)
  4 ice beasts
  4 porcupines
  36 orc warriors
  13 black bears
  4 sky beasts
  2 phantoms
  A necrophage (D:9)
  11 centaurs
  13 ogres
  5 boggarts (D:15)
  32 wolves
  15 crocodiles
  4 big kobolds
  A gnoll sergeant (D:5)
  19 bullfrogs
  An earth elemental (Elf:1)
  6 scorpions
  A water moccasin skeleton (D:10)
  29 killer bees
  16 wights
  4 electric eels
  3 howler monkeys (D:9)
  8 crimson imps
  A bullfrog zombie (D:13)
  6 hounds
  6 centaur skeletons
  4 jellies
  22 orc priests
  Crazy Yiuf (D:7)
  2 bullfrog skeletons
  A gnoll shaman (D:5)
  38 orc wizards
  2 iguanas
  12 worker ants
  2 hound zombies (D:6)
  A howler monkey zombie (D:9)
  Robin (D:4)
  12 gnolls
  16 adders
  3 shadow imps
  2 adder skeletons
  2 adder zombies (D:8)
  A worm (D:5)
  3 dart slugs
  7 leopard geckos
  125 orcs
  7 giant cockroaches
  20 goblins
  14 hobgoblins
  18 jackals
  22 kobolds
  3 quokkas
  2 ball pythons (D:2)
  8 bats
  2 frilled lizards
  A quokka skeleton (D:5)
  A quokka zombie (D:7)
  10 rats
  A plant (Lair:3)
936 creatures vanquished.

Vanquished Creatures (others)
  A skeletal warrior (D:15)
  A polar bear (IceCv)
  A water elemental (Elf:2)
  A yak (IceCv)
  4 wolves (IceCv)
  11 fungi (Lair:6)
  21 plants
40 creatures vanquished.

Grand Total: 976 creatures vanquished

Notes
Turn   | Place    | Note
-------+----------+-------------------------------------------
     0 | D:1      | removed the Demigod Air Elementalist began the quest for
                  | the Orb.
     0 | D:1      | Reached XP level 1. HP: 14/14 MP: 5/5
     4 | D:1      | Reached skill level 1 in Conjurations
   287 | D:1      | Reached XP level 2. HP: 14/20 MP: 0/7
   426 | D:1      | Learned a level 2 spell: Swiftness
  1187 | D:2      | Reached XP level 3. HP: 26/26 MP: 5/8
  2106 | D:2      | Found a blossoming altar of Fedhas.
  2415 | D:3      | Noticed a centaur
  2511 | D:3      | Reached XP level 4. HP: 33/33 MP: 9/9
  2580 | D:3      | Learned a level 3 spell: Static Discharge
  2731 | D:3      | Killed a centaur
  2731 | D:3      | Reached XP level 5. HP: 25/38 MP: 10/10
  3010 | D:3      | Found a bloodstained altar of Trog.
  3353 | D:4      | Found a sparkling altar of Nemelex Xobeh.
  3533 | D:4      | Reached XP level 6. HP: 45/45 MP: 11/11
  3600 | D:4      | Found a shattered altar of Ashenzari.
  3891 | D:4      | Noticed Robin
  3896 | D:4      | Killed Robin
  4020 | D:4      | Reached skill level 5 in Conjurations
  4020 | D:4      | Reached skill level 5 in Air Magic
  4160 | D:4      | Found a glowing golden altar of the Shining One.
  4213 | D:4      | Found a burning altar of Makhleb.
  4283 | D:4      | Got a shimmering whip
  4284 | D:4      | Identified the +1 whip of Ivuad {holy, -Tele SInv Stlth+}
                  | (You found it on level 4 of the Dungeon)
  4398 | D:5      | Entered Level 5 of the Dungeon
  4715 | D:5      | Noticed Prince Ribbit
  4765 | D:5      | Reached XP level 7. HP: 50/50 MP: 12/12
  5242 | D:5      | Found a staircase to the Ecumenical Temple.
  5417 | D:5      | Got a heavily runed shield
  5953 | D:6      | Learned a level 4 spell: Airstrike
  6008 | D:6      | Reached skill level 1 in Fighting
  6092 | D:6      | Reached XP level 8. HP: 62/62 MP: 15/15
  7022 | D:6      | Identified the +0 shield of Whack-A-Mole {rCorr Dex+3
                  | Stlth-} (You found it on level 5 of the Dungeon)
  7190 | D:5      | Killed Prince Ribbit
  7617 | D:7      | Found a runed door.
  7714 | D:7      | Reached XP level 9. HP: 67/71 MP: 18/18
  7783 | D:7      | Found a white marble altar of Elyvilon.
  7935 | D:7      | Found a hazy altar of Hepliaklqana.
  7951 | D:7      | Got a transparent copper ring
  7953 | D:7      | Identified the ring "Tuanuleath" {+Blink Str+6 Int+2 SInv}
                  | (You found it on level 7 of the Dungeon)
  8174 | D:7      | Learned a level 5 spell: Lightning Bolt
  8486 | D:7      | Noticed a komodo dragon
  8494 | D:7      | Killed a komodo dragon
  9481 | D:7      | Noticed Crazy Yiuf
  9484 | D:7      | Killed Crazy Yiuf
  9852 | D:7      | Reached XP level 10. HP: 66/78 MP: 19/19
  9970 | D:8      | Found a deep blue altar of Sif Muna.
 10011 | D:8      | Noticed a two-headed ogre
 10021 | D:8      | Killed a two-headed ogre
 10491 | D:8      | Reached skill level 5 in Spellcasting
 10662 | D:8      | Found a runed door.
 10675 | D:8      | Noticed Joloc's ghost (novice DEWz)
 10808 | D:8      | Found Kilo's Antique Armour Boutique.
 11358 | D:9      | Reached skill level 5 in Fighting
 11811 | D:9      | Found a staircase to the Lair.
 11881 | D:9      | Found a snail-covered altar of Cheibriados.
 12394 | D:9      | Reached skill level 5 in Dodging
 12641 | D:10     | Entered Level 10 of the Dungeon
 12708 | D:10     | Reached XP level 11. HP: 81/90 MP: 24/24
 12868 | D:10     | Noticed Fannar
 12895 | D:10     | Killed Fannar
 15093 | Lair:1   | Entered Level 1 of the Lair of Beasts
 15572 | Lair:1   | Noticed an eight-headed hydra
 15678 | Lair:1   | Noticed Nergalle
 15691 | Lair:1   | Killed Nergalle
 16960 | Lair:2   | Noticed a four-headed hydra
 16969 | Lair:2   | Killed a four-headed hydra
 17294 | Lair:2   | Reached XP level 12. HP: 98/101 MP: 29/29
 17298 | Lair:2   | Noticed a four-headed hydra
 17306 | Lair:2   | Killed a four-headed hydra
 17660 | Lair:2   | Found a staircase to the Swamp.
 18200 | Lair:3   | Reached skill level 10 in Air Magic
 19615 | Lair:4   | Found a dark tunnel.
 19622 | Volcano  | Entered a volcano
 20190 | Lair:4   | Found a staircase to the Snake Pit.
 20350 | Lair:4   | Noticed a five-headed hydra
 20381 | Lair:4   | Killed a five-headed hydra
 20871 | Lair:5   | Found a staircase to the Slime Pits.
 20873 | Lair:5   | Found a viscous altar of Jiyva.
 20963 | Lair:5   | Found a frozen archway.
 20975 | IceCv    | Entered an ice cave
 22476 | IceCv    | Noticed a frost giant
 22479 | IceCv    | Killed a frost giant
 22479 | IceCv    | Reached XP level 13. HP: 97/111 MP: 30/30
 22608 | IceCv    | Learned a level 4 spell: Throw Icicle
 22667 | Lair:5   | Reached skill level 1 in Ice Magic
 23430 | Lair:6   | Entered Level 6 of the Lair of Beasts
 23804 | Lair:6   | Reached skill level 5 in Ice Magic
 25161 | Lair:6   | Learned a level 6 spell: Freezing Cloud
 26436 | Lair:6   | Reached XP level 14. HP: 81/118 MP: 18/31
 27463 | D:12     | Reached skill level 10 in Ice Magic
 27596 | D:12     | Reached skill level 10 in Conjurations
 27991 | D:12     | Found a staircase to the Orcish Mines.
 29035 | Orc:1    | Entered Level 1 of the Orcish Mines
 29201 | Orc:1    | Noticed Harold
 29206 | Orc:1    | Killed Harold
 29804 | Orc:1    | Found a radiant altar of Vehumet.
 30118 | Orc:1    | Learned a level 6 spell: Bolt of Cold
 30234 | Orc:2    | Entered Level 2 of the Orcish Mines
 30676 | Orc:2    | Found a roughly hewn altar of Beogh.
 30720 | Orc:2    | Found a roughly hewn altar of Beogh.
 31093 | Orc:2    | Noticed an orc warlord
 31146 | Orc:2    | Killed an orc warlord
 31553 | Orc:2    | Found a roughly hewn altar of Beogh.
 31684 | Orc:2    | Found a roughly hewn altar of Beogh.
 31695 | Orc:2    | Found Fiureawn's Gadget Boutique.
 31922 | Orc:2    | Found Detintuy's Antique Weapon Boutique.
 31923 | Orc:2    | Found a roughly hewn altar of Beogh.
 31924 | Orc:2    | Found Jyuneceg's Antique Armour Shop.
 31963 | Orc:2    | Found a staircase to the Elven Halls.
 32059 | Orc:2    | Found a roughly hewn altar of Beogh.
 32247 | Orc:2    | Found a roughly hewn altar of Beogh.
 32305 | Orc:2    | Found Souman's General Store.
 32378 | Orc:2    | Bought a pair of runed gloves for 210 gold pieces
 32393 | Orc:2    | Bought an ancient helmet for 266 gold pieces
 32403 | Orc:2    | Identified the +2 helmet of Space {rPois Str+2 Int+5 Dex-4}
                  | (You bought it in a shop on level 2 of the Orcish Mines)
 32416 | Orc:2    | Bought a runed lajatang for 504 gold pieces
 33502 | D:13     | Reached skill level 10 in Spellcasting
 33606 | D:13     | Found Ijiarocw's Assorted Antiques.
 33611 | D:13     | Bought a scroll labeled QYOSHA TUTOASH for 35 gold pieces
 33676 | D:13     | Found a gate to the Vaults.
 34683 | D:14     | Found Diephiz's Jewellery Boutique.
 34692 | D:14     | Bought the ring of the Mage {Wiz MR++ Int+3} for 672 gold
                  | pieces
 34692 | D:14     | Found the ring of the Mage {Wiz MR++ Int+3}
 34998 | D:14     | Reached XP level 15. HP: 98/124 MP: 6/35
 35269 | D:15     | Entered Level 15 of the Dungeon
 35320 | D:15     | Found a staircase to the Depths.
 35416 | D:15     | Found a runed door.
 35416 | D:15     | Noticed removed's ghost (journeyman DgAE)
 35496 | D:15     | Reached skill level 10 in Fighting
 36816 | Elf:1    | Entered Level 1 of the Elven Halls
 37826 | Elf:1    | Learned a level 2 spell: Blink
 39029 | Elf:1    | Identified the Incunabulum of the Fifty Eyes
 39132 | Elf:2    | Found a portal to a secret trove of treasure.
 39724 | Elf:2    | Noticed Nikola
 39890 | Elf:2    | Found Yggisuz's Assorted Antiques.
 39892 | Elf:2    | Shot with an arrow by a deep elf archer

Vault maps used:
D:1:      minmay_arrival_four_circles, minmay_misc_feat_roman
D:2:      fedhas_altar_3, moated_statue
D:3:      first_ration, minmay_misc_feat_nine_boxes, bloody_trog
D:4:      kennysheep_mini, lemuel_doored_altar, kennysheep_little_box,
          overflow_temple_1_default, uniq_robin
D:5:      minmay_temple_entry_trees, uniq_prince_ribbit1
D:7:      minmay_opposing_rooms, nicolae_overflow_crystal_walls, basic_altar,
          grunt_ogre_cave, uniq_crazy_yiuf_cottage
D:8:      nicolae_overflow_hidden_temple, hellmonk_ghost_happy_afterlife,
          serial_shops, shop
D:9:      cheibriados_altar_1, david_lair_generic, serial_bayou_lagoon_a
D:10:     uniq_fannar
D:12:     erik_orc_3, kennysheep_generic_room_11
D:13:     erik_vaults_2, serial_shops, nicolae_shop_crystal,
          serial_column_ruins, column_ruins_columns_T,
          column_ruins_corridor_straight, column_ruins_grid_2,
          column_ruins_grid_1, column_ruins_grid_1,
          column_ruins_columns_straight, column_ruins_open_small
D:14:     bh_walls_and_bars, serial_shops, shop
D:15:     hangedman_depths_entry_try_elsewhere_first,
          ebering_ghost_reflecting_pool, lemuel_flamethrower_2
Lair:1:   hibernation_bobbens, grunt_megastairs_2, uniq_nergalle
Lair:2:   nicolae_swamp_entry_splash_gauntlet, st_stairs_10
Lair:3:   beast_lair_carwin_8, serial_bayou_shore_a, wad_woods_river_01
Lair:4:   guppyfry_snake_entry_island, enter_volcano_2,
          nicolae_lair_grove_arrangements, serial_bayou_pond_d,
          infiniplex_staircase_pool
Lair:5:   slime_altar_1, portal_ice_cave_entry_pillars_2
Lair:6:   hangedman_lair_caniforms_friends
Orc:1:    cheibrodos_orc_bank, basic_altar, uniq_harold
Orc:2:    grunt_orc_community_town_hall, grunt_orc_community_big_house_1,
          grunt_orc_community_big_house_2, grunt_orc_community_house_1,
          grunt_orc_community_house_2, grunt_orc_community_house_3,
          grunt_orc_community_house_3, grunt_orc_community_house_1,
          grunt_orc_community_house_1
Elf:1:    eino_elf_arrival_the_gate, minmay_elf_sorcery
Elf:2:    enter_trove_0, minmay_shop_star, lemuel_elevator, uniq_asterion,
          uniq_saint_roka, uniq_nikola
IceCv:    ice_cave_caverns_03
Volcano:  volcano_overflow

Skill      XL: |  1  2  3  4  5  6  7  8  9 10 11 12 13 14 15 |
---------------+----------------------------------------------+-----
Conjurations   | 2 3 4 5 6 8 9 11 12 | 12.0
Air Magic      | 3 4 5 6 8 9 12 | 12.0
Spellcasting   | 3 4 6 9 11 | 11.9
Fighting       | 2 4 6 8 9 10 | 10.4
Dodging        | 4 5 7 8 |  8.5
Ice Magic      | 9 11 12 | 12.0
Stealth        | |  1.7

Action                   |  1- 3 |  4- 6 |  7- 9 | 10-12 | 13-15 || total
-------------------------+-------+-------+-------+-------+-------++-------
Melee: Short sword       |    15 |     1 |     4 |    12 |       ||    32
       Scimitar          |       |       |       |     1 |     4 ||     5
Throw: Javelin           |     1 |       |       |       |       ||     1
 Cast: Shock             |    97 |   121 |   242 |   281 |     2 ||   743
       Static Discharge  |       |    21 |    83 |   210 |    79 ||   393
       Airstrike         |       |       |     6 |   245 |   135 ||   386
       Lightning Bolt    |       |       |       |    27 |    44 ||    71
       Throw Icicle      |       |       |       |       |   711 ||   711
       Bolt of Cold      |       |       |       |       |    28 ||    28
       Freezing Cloud    |       |       |       |       |    27 ||    27
       Swiftness         |       |       |       |       |     2 ||     2
       Blink             |       |       |       |       |     1 ||     1
Evoke: Wand              |       |       |       |       |     6 ||     6
  Use: Scroll            |       |     4 |    11 |     9 |    13 ||    37
       Potion            |       |       |     1 |     1 |     1 ||     3
  Eat: Chunk             |     6 |    11 |    18 |    42 |    51 ||   128
       Ration            |       |       |     1 |     3 |     8 ||    12
Armor: Robe              |     8 |     3 |    31 |    56 |     3 ||   101
       Ring mail         |       |       |       |     3 |   140 ||   143
Dodge: Dodged            |    24 |    13 |    86 |   224 |   257 ||   604
       Rpst.: Scimitar   |       |       |       |    10 |    16 ||    26

Table legend:
 A = Non-vault XP
 B = Vault XP
 C = Vault XP percentage of total XP
 D = Non-vault monster count
 E = Vault monster count
 F = Vault count percentage of total count
                 A         B        C        D         E       F
            +---------+---------+-------+---------+---------+-------
      Total |  113538 |   58492 |  34.0 |     645 |     290 |  31.0
            +---------+---------+-------+---------+---------+-------
        D:1 |      39 |       0 |   0.0 |      24 |       0 |   0.0
        D:2 |      58 |       0 |   0.0 |      29 |       0 |   0.0
        D:3 |     298 |       2 |   0.7 |      22 |       1 |   4.3
        D:4 |     245 |      35 |  12.5 |      14 |      11 |  44.0
        D:5 |     385 |     259 |  40.2 |      24 |       1 |   4.0
        D:6 |    1425 |       0 |   0.0 |      35 |       0 |   0.0
        D:7 |    2866 |    1014 |  26.1 |      61 |      11 |  15.3
        D:8 |    2464 |       0 |   0.0 |      30 |       0 |   0.0
        D:9 |    2752 |     874 |  24.1 |      35 |       4 |  10.3
       D:10 |    1586 |     981 |  38.2 |      24 |       1 |   4.0
       D:11 |    3603 |       0 |   0.0 |      28 |       0 |   0.0
       D:12 |    6376 |     363 |   5.4 |      34 |      16 |  32.0
       D:13 |    8185 |    6957 |  45.9 |      29 |       7 |  19.4
       D:14 |    9208 |       0 |   0.0 |      26 |       0 |   0.0
       D:15 |    7805 |    2917 |  27.2 |      26 |       4 |  13.3
     Lair:1 |    4053 |     971 |  19.3 |      15 |       2 |  11.8
     Lair:2 |    3877 |     996 |  20.4 |      15 |       6 |  28.6
     Lair:3 |    2943 |    3343 |  53.2 |      20 |      13 |  39.4
     Lair:4 |    1774 |     329 |  15.6 |       4 |       2 |  33.3
     Lair:5 |    4214 |       0 |   0.0 |      12 |       0 |   0.0
     Lair:6 |   18723 |   10272 |  35.4 |      45 |      56 |  55.4
      Orc:1 |    1118 |    1852 |  62.4 |      13 |      18 |  58.1
      Orc:2 |    3088 |    5509 |  64.1 |      41 |      78 |  65.5
      Elf:1 |   19194 |    9100 |  32.2 |      29 |      14 |  32.6
      Elf:2 |    7259 |     544 |   7.0 |      10 |       1 |   9.1
      IceCv |       0 |   11008 | 100.0 |       0 |      40 | 100.0
    Volcano |       0 |    1166 | 100.0 |       0 |       4 | 100.0
            +---------+---------+-------+---------+---------+-------
